 Dungeon Crawl Stone Soup version 0.30.0-29-ga12c61a403 (webtiles) character file.

Game seed: 11595350610837573686

2069 bmack86 the Cleaver (level 9, -5/106 HPs)
             Began as a Minotaur Fighter on June 21, 2023.
             Slain by an ogre
             ... wielding a +0 giant club
              (8 damage)
             ... on level 5 of the Dungeon.
             The game lasted 00:12:07 (5228 turns).

bmack86 the Cleaver (Minotaur Fighter)              Turns: 5228, Time: 00:12:09

Health: -5/106     AC: 11    Str: 26    XL:     9   Next: 5%
Magic:  8/8        EV:  8    Int:  5    God:
Gold:   238        SH:  4    Dex:  9    Spells: 8/8 levels left

rFire   + . .        a - +1 war axe
rCold   . . .        c - +0 buckler
rNeg    . . .        z - +0 chain mail
rPois   .            (helmet restricted)
rElec   .            j - +0 cloak
rCorr   .            k - +0 pair of gloves
SInv    +            (no boots)
Will    .....        x - amulet of regeneration Stlth
                     s - ring of Tomorrow {rF+ SInv}
HPRegen 1.17/turn    (no ring)
MPRegen 0.11/turn

%: no passive effects
@: berserking, lethally poisoned (-5 -> -5), very quick
A: horns 2, retaliatory headbutt
a: no special abilities


You were on level 5 of the Dungeon.
You visited 1 branch of the dungeon, and saw 5 of its levels.

You collected 328 gold pieces.
You spent 90 gold pieces at shops.

Inventory:

Hand Weapons
 a - a +1 war axe (weapon)
Missiles
 h - 14 poisoned darts (quivered)
 o - 2 boomerangs
 y - a curare-tipped dart
Armour
 b - a +0 scale mail
 c - a +0 buckler (worn)
 j - a +0 cloak (worn)
 k - a +0 pair of gloves (worn)
 z - a +0 chain mail (worn)
Jewellery
 g - an amulet of reflection
 l - a ring of magical power
 s - the ring of Tomorrow (left hand) {rF+ SInv}
   (You found it on level 5 of the Dungeon)

   [ring of protection from fire]

   rF:        It protects you from fire.
   SInv:      It lets you see invisible.
 t - a ring of fire
 x - an amulet of regeneration (around neck)
Scrolls
 i - 4 scrolls of noise
Potions
 d - 2 potions of might
 e - 2 potions of invisibility
 m - 2 potions of attraction
 n - 3 potions of curing
 p - a potion of mutation
 r - a potion of heal wounds {unknown}
 u - a potion of resistance {unknown}
 v - a potion of brilliance {unknown}
 w - a potion of haste {unknown}


   Skills:
 * Level 3.8 Fighting
 - Level 14.0 Axes
 + Level 3.7 Armour
 + Level 3.7 Shields


You had 8 spell levels left.
You didn't know any spells.
Your spell library contained the following spells:

 Spells                   Type           Power      Damage    Failure   Level
 Magic Dart               Conj           0%         1d3       97%         1
 Searing Ray              Conj           0%         2d4       99%         2
 Ozocubu's Armour         Ice            0%         N/A       100%        3
 Fulminant Prism          Conj/Hex       0%         3d5       100%        4
 Metabolic Englaciation   Hex/Ice        0%         N/A       100%        5
 Simulacrum               Ice/Necr       0%         N/A       100%        6


Dungeon Overview and Level Annotations

Branches:
Dungeon (5/15)
 Temple: D:4-7

Altars:
Hepliaklqana
Kikubaaqudgha
Wu Jian

Shops:
D:2 [

Annotations:
D:5 seaoflcl's ghost, amateur MiFi


Innate Abilities, Weirdness & Mutations

You have a pair of horns on your head.
You reflexively headbutt those who attack you in melee.


Message History

The scorpion stings you but does no damage.
Unknown command.
It was a potion of cancellation.
Your magical effects are unravelling.
You feel magically purged.
You feel less invigorated.
You feel less confused.
You feel a little less mighty now.
You feel sick. The centaur misses you.
The centaur kicks you but does no damage.
The scorpion barely misses you. You furiously retaliate!
You headbutt the scorpion!
You kill the scorpion!
The scorpion stings you but does no damage.
The kobold brigand hits you but does no damage.
Seaoflcl's ghost whispers, "Soon you will have time, lots of time..."
Seaoflcl's ghost hits you but does no damage.
The centaur hits you but does no damage.
The centaur kicks you but does no damage.
It was a potion of berserk rage.
A red film seems to cover your vision as you go berserk!
You feel yourself moving faster!
You feel mighty!
You feel sick. The ogre barely misses you. You block the scorpion's attack.
The centaur hits you but does no damage.
The centaur barely misses you.
The kobold brigand hits you but does no damage.
Seaoflcl's ghost hits you.
* * * LOW HITPOINT WARNING * * *
You barely miss the ogre.
The ogre is heavily wounded.
You barely miss the kobold brigand. You slash seaoflcl's ghost!
You slash the scorpion! You hit the centaur.
The centaur hits you but does no damage.
The centaur kicks you but does no damage.
The scorpion stings you but does no damage.
You hit seaoflcl's ghost. You headbutt seaoflcl's ghost.
Seaoflcl's ghost is severely damaged.
You slash the scorpion!
You kill the scorpion!
You closely miss the centaur. You slash the kobold brigand! You hit the ogre.
You feel sick. The ogre hits you with a +0 giant club!
You die...

.......#....######## #.##
.........##........#
##..##
.<.................#
#....#
...................#
#....#
........#########..#
#.....
##......#.......#..#
#.....
##.....#.......#..#
#..... ####..#.......O†.#
##.... #..#.=....c@..#
##.... #..#.$....KW..#
#..... #..#.......#..#
#..... #..#.......#..#
#..... #..#########..##
#.....
#..............####
#....#
######..............##.##
#...##
....##...###..#..##.##..#
#..## .......###
##.#.###..#..## #..#


You could see a kobold brigand, an ogre, a centaur and seaoflcl's ghost.

Vanquished Creatures
  Pikel (D:4)
  Sigmund (D:3)
  2 steam dragons (D:5)
  An ogre (D:5)
  3 lemures (D:4)
  A kobold brigand (D:5)
  6 scorpions
  A gnoll sergeant (D:5)
  A hound (D:5)
  3 orc priests
  Jessica (D:2)
  Terence (D:3)
  3 iguanas (D:5)
  A sleepcap (D:4)
  Natasha (thrice) (D:2)
  An orc wizard (D:4)
  Robin (D:3)
  12 gnolls
  9 adders
  An ufetubus (D:5)
  3 worms
  7 dart slugs
  8 orcs
  5 ball pythons
  7 endoplasms
  4 giant cockroaches (D:1)
  18 goblins
  8 hobgoblins
  6 jackals
  13 kobolds
  5 bats
  4 frilled lizards
  11 rats
152 creatures vanquished.

Notes
Turn   | Place    | Note
-------+----------+-------------------------------------------
     0 | D:1      | bmack86 the Minotaur Fighter began the quest for the Orb.
     0 | D:1      | Reached XP level 1. HP: 19/19 MP: 0/0
    69 | D:1      | Reached skill level 3 in Axes
   162 | D:1      | Reached XP level 2. HP: 26/26 MP: 1/1
   451 | D:1      | Reached skill level 4 in Axes
   830 | D:1      | Reached XP level 3. HP: 31/31 MP: 2/2
  1023 | D:2      | Noticed Natasha
  1028 | D:2      | Killed Natasha
  1029 | D:2      | Reached skill level 5 in Axes
  1052 | D:2      | Reached XP level 4. HP: 35/39 MP: 3/3
  1160 | D:2      | Found Zuriehod's Armour Shop.
  1165 | D:2      | Bought a +0 cloak for 45 gold pieces
  1165 | D:2      | Bought a +0 pair of gloves for 45 gold pieces
  1248 | D:2      | Noticed Jessica
  1255 | D:2      | Killed Jessica
  1256 | D:2      | Reached skill level 6 in Axes
  1757 | D:2      | Noticed Natasha
  1761 | D:2      | Killed Natasha
  1762 | D:2      | Reached XP level 5. HP: 41/45 MP: 4/4
  1934 | D:2      | Noticed Natasha
  1944 | D:2      | Killed Natasha
  2023 | D:3      | Reached skill level 7 in Axes
  2108 | D:3      | Found a faded altar of an unknown god.
  2128 | D:3      | Noticed Sigmund
  2150 | D:3      | Killed Sigmund
  2151 | D:3      | Reached skill level 8 in Axes
  2151 | D:3      | Reached XP level 6. HP: 7/51 MP: 5/5
  2319 | D:3      | Noticed Terence
  2324 | D:3      | Killed Terence
  2370 | D:3      | Noticed Robin
  2395 | D:3      | Killed Robin
  2622 | D:3      | Found an ancient bone altar of Kikubaaqudgha.
  2785 | D:3      | Found an ornate altar of the Wu Jian Council.
  3268 | D:4      | Reached skill level 9 in Axes
  3420 | D:4      | Reached XP level 7. HP: 40/57 MP: 6/6
  3696 | D:4      | Noticed Pikel
  3711 | D:4      | Killed Pikel
  3712 | D:4      | Reached skill level 11 in Axes
  3712 | D:4      | Reached XP level 8. HP: 28/64 MP: 7/7
  4164 | D:5      | Entered Level 5 of the Dungeon
  4234 | D:5      | Reached skill level 12 in Axes
  4304 | D:5      | Noticed seaoflcl's ghost (amateur MiFi)
  4307 | D:5      | Found a runed translucent gate.
  4307 | D:5      | Found a runed translucent gate.
  4307 | D:5      | Found a runed translucent gate.
  4319 | D:5      | Found a hazy altar of Hepliaklqana.
  4541 | D:5      | Reached skill level 13 in Axes
  4746 | D:5      | Identified the ring of Tomorrow {rF+ SInv}
  5116 | D:5      | Reached skill level 14 in Axes
  5116 | D:5      | Reached XP level 9. HP: 70/70 MP: 8/8
  5224 | D:5      | HP: 1/70 [ogre/+0 giant club (14)]
  5228 | D:5      | Slain by an ogre

Illustrated notes

Levels and vault maps discovered:
D:1:      amcnicky_arrival_blooded_trapdoor, layout_basic
D:2:      layout_loops_cross, serial_shops, nicolae_shop_tiny_real_fake_doors,
          minivault_5, hangedman_abyss_or_decor_lesser_grid, uniq_jessica,
          uniq_natasha
D:3:      layout_basic, mainiacjoe_overflow_tiny_flanked,
          nicolae_wu_jian_immortal_techniques,
          ebering_ecumenical_altar_petrified, minmay_tree_intersection,
          uniq_terence, uniq_sigmund, uniq_robin
D:4:      minmay_chambers_of_fours, layout_basic, uniq_pikel
D:5:      layout_cave_pods, mainiacjoe_overflow_alcove_1, gammafunk_ghost_split,
          serial_bayou_pond_b, grunt_decor_junction

Skill      XL: |  1  2  3  4  5  6  7  8 |
---------------+-------------------------+-----
Axes           | 3 4 5 6 8 9 11 14 | 14.0
Fighting       | |  3.8
Armour         | |  3.7
Shields        | |  3.7

Action                     |  1- 3 |  4- 6 |  7- 9 || total
---------------------------+-------+-------+-------++-------
  Melee: War axe           |    56 |   149 |   160 ||   365
         Headbutt          |     9 |    20 |    23 ||    52
  Throw: Dart              |     1 |       |       ||     1
    Use: Scroll            |       |    12 |     1 ||    13
         Potion            |       |       |     4 ||     4
 Armour: Scale mail        |    19 |    57 |    42 ||   118
         Chain mail        |       |       |    24 ||    24
  Dodge: Dodged            |    23 |    57 |    66 ||   146
  Block: Buckler           |    24 |    73 |    44 ||   141
         Reflection        |     2 |     2 |       ||     4
